 Dungeon Sprint DCSS version 0.29.1-15-g9cfb28693d (webtiles) character file.

Game seed: 12847278464216833777

7000000 Groucho the Intangible (level 27, -17/228 HPs)
             Began as a Djinni Hedge Wizard on Mar 18, 2023.
             Was the Champion of Makhleb.
             Killed from afar by a dread (21 damage)
             ... with damnation
             ... in the Dungeon (Sprint VIII: "Arena of Blood").
             The game lasted 00:02:44 (70 turns).

Groucho the Intangible (Djinni Hedge Wizard)          Turns: 70, Time: 00:02:44

Health: -17/228    AC:  4    Str:  9    XL:     27
Gold:   0          EV: 39    Int: 17    God:    Makhleb [******] SH:  0 Dex: 26

rFire   + + .      SeeInvis .   i - +∞ Axe of Woe
rCold   x . .      Faith    .   (shield currently unavailable)
rNeg    . . .      Spirit   .   b - +0 robe
rPois   ∞          Reflect  .   c - +0 hat
rElec   .          Harm     .   (no cloak)
rCorr   .          Rampage  .   (no gloves)
Will    ++...      NoTele   +   (boots unavailable)
Stlth   ++++++++++              (no amulet)
HPRegen 0.48/turn               (no ring)
MPRegen 0.00/turn               (no ring)

@: flying
A: sickness immunity, fire resistance 2, cold vulnerability 1, float, innate
caster, HP casting, extra vitality 1
a: Renounce Religion, Minor Destruction, Lesser Servant of Makhleb, Major
Destruction, Greater Servant of Makhleb


You were in the Dungeon.
You worshipped Makhleb.
Makhleb was exalted by your worship.
You visited 1 branch

Inventory:

Hand Weapons
 a - a +0 dagger
 i - the +∞ Axe of Woe (weapon)
   (You found it in the Dungeon)
Armour
 b - a +0 robe (worn)
 c - a +0 hat (worn)
Scrolls
 h - a scroll of blinking
Potions
 d - a potion of curing
 e - a potion of heal wounds
 f - a potion of haste
 g - a potion of berserk rage


   Skills:
 O Level 27 Fighting
 + Level 24.8(27) Short Blades
 + Level 24.8(27) Long Blades
 O Level 27 Axes
 + Level 23.0(27) Maces & Flails
 + Level 23.0(27) Polearms
 + Level 24.8(27) Staves
 + Level 23.0 Ranged Weapons
 + Level 23.0 Throwing
 O Level 27 Armour
 O Level 27 Dodging
 O Level 27 Stealth
 + Level 26.7 Shields
 O Level 27 Unarmed Combat
 O Level 27 Spellcasting
 O Level 27 Invocations
 + Level 26.7 Evocations


You couldn't memorise any spells.
You knew the following spells:

 Your Spells              Type           Power      Damage    Failure   Level
a - Magic Dart            Conj           100%       1d8       0%          1
b - Blink                 Tloc           100%       N/A       0%          2
c - Call Imp              Summ           86%        N/A       0%          2
d - Slow                  Hex            100%       N/A       0%          1
e - Conjure Flame         Conj/Fire      86%        6-21      0%          3
f - Mephitic Cloud        Conj/Pois/Air  86%        N/A       0%          3
g - Summon Small Mammal   Summ           100%       N/A       0%          1
h - Passwall              Tmut/Erth      71%        N/A       0%          2
i - Summon Guardian Gole  Hex/Summ       86%        N/A       0%          3
j - Lesser Beckoning      Tloc           86%        N/A       0%          3
k - Fulminant Prism       Conj/Hex       43%        3d20      0%          4
l - Summon Forest         Summ/Tloc      43%        N/A       0%          5
m - Summon Cactus Giant   Summ           43%        N/A       0%          6
n - Ozocubu's Refrigerat  Ice            43%        4d17      1%          7
o - Dragon Form           Tmut           43%        N/A       1%          7
p - Necromutation         Tmut/Necr      43%        N/A       1%          8
q - Haunt                 Necr/Summ      43%        N/A       1%          7
r - Borgnjor's Revivific  Necr           43%        N/A       1%          8
s - Fire Storm            Conj/Fire      43%        8d11      2%          9
Your spell library was empty.

Dungeon Overview and Level Annotations

Branches:
Dungeon (1/1)

Altars:
Makhleb


Innate Abilities, Weirdness & Mutations

You are immune to sickness and miasma.
You are immune to poison.
Your flesh is very heat resistant. (rF++)
You are vulnerable to cold. (rC-)
You float through the air rather than walking.
You learn spells naturally, not from books.
Your magical power is your life essence.
You have superior vitality. (+4 MHP)


Message History

* * * LOW HITPOINT WARNING * * *
The accursed is engulfed in blazing flames.
The dread throws damnation at you.
The sphere of damnation explodes!
The damnation engulfs you!!!
* * * LOW HITPOINT WARNING * * *
You hear a shout!
Unknown command.
Unknown command.
You hit the meat berserker but do no damage.
You dissect the meat berserker like a pig carcass.
You kill the meat berserker!
Makhleb accepts your kill.
You hear a shout! x2
The accursed gestures at you while chanting.
Something smites you!
* * * LOW HITPOINT WARNING * * *
You hear a shout! x2
The dread calls on the powers of darkness!
The large bag of meat convulses!
Flame seeps out of the large bag of meat.
The bag of meat convulses! x2; The large bag of meat convulses!
Flame seeps out of the large bag of meat.
The meat berserker convulses!
Your body is wracked with pain!
* * * LOW HITPOINT WARNING * * *
The large bag of meat is engulfed in blazing flames.
You hear a shout!
Your base Maces & Flails skill increases to level 23!
Your base Polearms skill increases to level 23!
Your Ranged Weapons skill increases to level 23!
Your Throwing skill increases to level 23!
Unknown command.
Unknown command.
You slice the meat berserker!!
You dissect the meat berserker like a pig carcass.
You kill the meat berserker!
Makhleb accepts your kill.
You hear a shout!
The dread throws damnation at you.
The sphere of damnation explodes!
The damnation engulfs you!!
You die...

...............
.......).)....#.
......☼§))...#..
.....M☼)☼..##...
#.....○☼)#.....
......)MW#...##
##.#....))....M.
.......).ooO○.W.
...#..@)O####..
............# .
...............
......=.......#
###############


You could see 3 accurseds, 2 large bags of meat, 2 dreads and 2 bags of meat.

Vanquished Creatures
  A hell beast (D)
  A royal mummy (D)
  7 vampire knights (D)
  23 ogres (D)
  4 two-headed ogres (D)
  2 liches (D)
  36 orcs (D)
  3 skeletal warriors (D)
77 creatures vanquished.

Notes
Turn   | Place    | Note
-------+----------+-------------------------------------------
     0 | D        | Found the +∞ Axe of Woe
     0 | D        | Groucho the Djinni Hedge Wizard began the quest for the
                  | Orb.
     0 | D        | Groucho set off with the following spells memorised: Magic
                  | Dart, Blink, Call Imp, Slow, Conjure Flame, Mephitic Cloud.
     0 | D        | Reached XP level 1. HP: 15/15 MP: 0/0
     2 | D        | Noticed a bag of meat
     2 | D        | Noticed a bag of meat
     2 | D        | Noticed a bag of meat
     4 | D        | Became a worshipper of Makhleb the Destroyer
     4 | D        | Noticed a bag of meat
     4 | D        | Noticed a bag of meat
     6 | D        | Noticed a meat berserker
     6 | D        | Noticed a bag of meat
     7 | D        | Killed a bag of meat
     7 | D        | Killed a bag of meat
     7 | D        | Reached * piety under Makhleb
     7 | D        | Noticed a bag of meat
     7 | D        | Noticed a bag of meat
     8 | D        | Reached XP level 2. HP: 21/21 MP: 0/0
     8 | D        | Reached XP level 3. HP: 25/25 MP: 0/0
     8 | D        | Learned a level 1 spell: Summon Small Mammal
     8 | D        | Reached XP level 4. HP: 31/31 MP: 0/0
     8 | D        | Reached XP level 5. HP: 35/35 MP: 0/0
     8 | D        | Learned a level 2 spell: Passwall
     8 | D        | Reached XP level 6. HP: 40/40 MP: 0/0
     8 | D        | Reached XP level 7. HP: 45/45 MP: 0/0
     8 | D        | Learned a level 3 spell: Summon Guardian Golem
     8 | D        | Reached XP level 8. HP: 50/50 MP: 0/0
     8 | D        | Reached XP level 9. HP: 55/55 MP: 0/0
     8 | D        | Learned a level 3 spell: Lesser Beckoning
     8 | D        | Reached XP level 10. HP: 60/60 MP: 0/0
     8 | D        | Reached XP level 11. HP: 65/65 MP: 0/0
     8 | D        | Learned a level 4 spell: Fulminant Prism
     8 | D        | Reached XP level 12. HP: 70/70 MP: 0/0
     8 | D        | Killed a bag of meat
     8 | D        | Noticed a bag of meat
     9 | D        | Reached XP level 13. HP: 75/75 MP: 0/0
     9 | D        | Learned a level 5 spell: Summon Forest
     9 | D        | Noticed a meat berserker
     9 | D        | Noticed a bag of meat
     9 | D        | Noticed a bag of meat
    10 | D        | Killed a meat berserker
    10 | D        | Killed a bag of meat
    10 | D        | Reached ** piety under Makhleb
    10 | D        | Killed a bag of meat
    10 | D        | Noticed a bag of meat
    10 | D        | Noticed a meat berserker
    11 | D        | Reached skill level 27 in Dodging
    11 | D        | Reached XP level 14. HP: 80/80 MP: 0/0
    12 | D        | Killed a bag of meat
    12 | D        | Noticed a bag of meat
    13 | D        | Reached XP level 15. HP: 85/85 MP: 0/0
    13 | D        | Learned a level 6 spell: Summon Cactus Giant
    13 | D        | Noticed a meat berserker
    14 | D        | Killed a meat berserker
    14 | D        | Reached *** piety under Makhleb
    15 | D        | Reached skill level 27 in Axes
    15 | D        | Noticed a meat berserker
    15 | D        | Noticed a large bag of meat
    15 | D        | Noticed a meat berserker
    16 | D        | Killed a meat berserker
    16 | D        | Noticed a meat berserker
    17 | D        | Reached skill level 10 in Stealth
    17 | D        | Reached XP level 16. HP: 116/116 MP: 0/0
    17 | D        | Reached **** piety under Makhleb
    17 | D        | Noticed a meat berserker
    18 | D        | Reached skill level 10 in Spellcasting
    18 | D        | Killed a meat berserker
    19 | D        | Reached skill level 15 in Stealth
    19 | D        | Reached XP level 17. HP: 133/133 MP: 0/0
    19 | D        | Learned a level 7 spell: Ozocubu's Refrigeration
    19 | D        | Noticed a large bag of meat
    19 | D        | Killed a meat berserker
    19 | D        | Reached ***** piety under Makhleb
    21 | D        | Reached skill level 15 in Spellcasting
    21 | D        | Reached XP level 18. HP: 148/148 MP: 0/0
    21 | D        | Noticed a meat berserker
    22 | D        | Noticed a large bag of meat
    22 | D        | Killed a meat berserker
    23 | D        | Killed a meat berserker
    24 | D        | Reached XP level 19. HP: 162/162 MP: 0/0
    24 | D        | Learned a level 7 spell: Dragon Form
    24 | D        | Killed a meat berserker
    24 | D        | Killed a large bag of meat
    25 | D        | Reached ****** piety under Makhleb
    25 | D        | Killed a large bag of meat
    25 | D        | Noticed a meat berserker
    25 | D        | Noticed a meat berserker
    26 | D        | Reached XP level 20. HP: 158/176 MP: 0/0
    26 | D        | Noticed a destroyer
    26 | D        | Noticed a meat berserker
    27 | D        | Noticed a destroyer
    27 | D        | Killed a meat berserker
    29 | D        | Reached skill level 27 in Fighting
    29 | D        | Reached skill level 27 in Invocations
    29 | D        | Killed a destroyer
    30 | D        | Reached skill level 27 in Stealth
    30 | D        | Reached XP level 21. HP: 187/187 MP: 0/0
    30 | D        | Learned a level 8 spell: Necromutation
    30 | D        | Noticed a destroyer
    30 | D        | Killed a meat berserker
    31 | D        | Reached skill level 27 in Spellcasting
    31 | D        | Killed a destroyer
    32 | D        | Killed a meat berserker
    33 | D        | Killed a meat berserker
    33 | D        | Killed a large bag of meat
    33 | D        | Killed a destroyer
    33 | D        | Noticed a meat berserker
    34 | D        | Reached skill level 27 in Armour
    34 | D        | Reached XP level 22. HP: 181/194 MP: 0/0
    35 | D        | Noticed a meat berserker
    36 | D        | Reached skill level 27 in Unarmed Combat
    37 | D        | Reached skill level 5 in Maces & Flails
    37 | D        | Reached skill level 5 in Polearms
    37 | D        | Reached skill level 5 in Ranged Weapons
    37 | D        | Reached skill level 5 in Throwing
    37 | D        | Reached XP level 23. HP: 198/201 MP: 0/0
    37 | D        | Learned a level 7 spell: Haunt
    37 | D        | Noticed a large bag of meat
    41 | D        | Reached skill level 10 in Short Blades
    41 | D        | Reached skill level 10 in Long Blades
    41 | D        | Reached skill level 10 in Staves
    41 | D        | Reached skill level 10 in Shields
    41 | D        | Noticed a destroyer
    42 | D        | Reached skill level 10 in Maces & Flails
    42 | D        | Reached skill level 10 in Polearms
    42 | D        | Reached skill level 10 in Ranged Weapons
    42 | D        | Reached skill level 10 in Throwing
    43 | D        | Reached XP level 24. HP: 204/208 MP: 0/0
    44 | D        | Noticed an accursed
    44 | D        | Noticed a destroyer
    48 | D        | Reached skill level 15 in Shields
    48 | D        | Reached skill level 15 in Evocations
    48 | D        | Killed a destroyer
    49 | D        | Reached skill level 15 in Short Blades
    49 | D        | Reached skill level 15 in Long Blades
    49 | D        | Reached skill level 15 in Staves
    49 | D        | Noticed a destroyer
    50 | D        | Reached skill level 15 in Maces & Flails
    50 | D        | Reached skill level 15 in Polearms
    50 | D        | Reached skill level 15 in Ranged Weapons
    50 | D        | Reached skill level 15 in Throwing
    50 | D        | Reached XP level 25. HP: 214/214 MP: 0/0
    50 | D        | Learned a level 8 spell: Borgnjor's Revivification
    52 | D        | Noticed an accursed
    52 | D        | Noticed a tyrant
    53 | D        | Noticed an accursed
    55 | D        | Noticed a tyrant
    56 | D        | Killed a tyrant
    57 | D        | Killed a tyrant
    57 | D        | Killed a large bag of meat
    58 | D        | Reached XP level 26. HP: 207/221 MP: 0/0
    59 | D        | Noticed a dread
    60 | D        | Killed a destroyer
    60 | D        | Killed a destroyer
    60 | D        | Noticed a destroyer
    61 | D        | Killed an accursed
    61 | D        | Noticed a meat beast
    63 | D        | Reached XP level 27. HP: 184/228 MP: 0/0
    63 | D        | Learned a level 9 spell: Fire Storm
    63 | D        | Noticed a large bag of meat
    64 | D        | Noticed a large bag of meat
    65 | D        | Noticed a dread
    65 | D        | Killed a meat beast
    67 | D        | Killed a destroyer
    67 | D        | Noticed an accursed
    69 | D        | HP: 4/228 [accursed/divine providence (14)]
    70 | D        | Killed from afar by a dread

Illustrated notes

Levels and vault maps discovered:
D:        meatsprint

Skill      XL: |  1  2  3  4  5  6  7  8  9 10 11 12 13 14 15 16 17 18 19 20 21 22 23 24 25 26 27 |
---------------+----------------------------------------------------------------------------------+-----
Axes           | 17 19 24 26 27 | 27.0
Dodging        | 22 24 27 | 27.0
Fighting       | 11 16 19 22 25 27 | 27.0
Stealth        | 10 15 17 20 23 27 | 27.0
Spellcasting   | 9 12 15 17 20 25 27 | 27.0
Invocations    | 11 16 19 22 25 27 | 27.0
Armour         | 27 | 27.0
Unarmed Combat | 24 27 | 27.0
Short Blades   | 6 12 16 19 22 24 | 24.8
Long Blades    | 6 12 16 19 22 24 | 24.8
Maces & Flails | 5 11 15 17 20 23 | 23.0
Polearms       | 5 11 15 17 20 23 | 23.0
Staves         | 6 12 16 19 22 24 | 24.8
Ranged Weapons | 5 11 15 17 20 23 | 23.0
Throwing       | 5 11 15 17 20 23 | 23.0
Shields        | 6 13 17 20 24 26 | 26.7
Evocations     | 6 13 17 20 24 26 | 26.7

Action                   |  1- 3 |  4- 6 |  7- 9 | 10-12 | 13-15 | 16-18 | 19-21 | 22-24 | 25-27 || total
-------------------------+-------+-------+-------+-------+-------+-------+-------+-------+-------++-------
Melee: Executioner's axe |     1 |       |       |     1 |     4 |     7 |     9 |    12 |    14 ||    48
